 Dungeon Crawl Stone Soup version 0.25.0-46-gbd7b0854d2 (webtiles) character file.

Game seed: 17568997659654474266

857 Descartes the Covert (level 7, -1/33 HPs)
             Began as a Felid Transmuter on July 12, 2020.
             Slain by Pikel
             ... wielding a +1 whip of freezing
              (3 damage)
             ... on level 5 of the Dungeon.
             The game lasted 00:21:06 (11416 turns).

Descartes the Covert (Felid Transmuter)            Turns: 11416, Time: 00:21:07

Health: -1/33      AC:  2    Str: 15    XL:     7   Next: 70%
Magic:  19/21      EV: 20    Int: 15    God:
Gold:   417        SH:  0    Dex: 16    Spells: 1/12 levels left
                                        Lives:  0   Deaths: 2

rFire    . . .     SeeInvis +     - Unarmed
rCold    . . .     Gourm    .   (shield unavailable)
rNeg     + . .     Faith    .   (armour unavailable)
rPois    .         Spirit   .   (helmet unavailable)
rElec    .         Reflect  .   (cloak unavailable)
rCorr    .         Harm     .   (gloves unavailable)
MR       +....                  (boots unavailable)
Stlth    +++++.....             (no amulet)
HPRegen  0.11/turn              m - ring of Etrunez {*Slow rN+ Str+7 Dex+2 Stlth+}
MPRegen  0.17/turn              h - ring of magical power

@: quick
A: very small, no armour, no weapons or thrown items, stealth, claws 1, fangs 3,
horns 1, see invisible, carnivore, clumsy 1, speed 1, shaggy fur 2, slow
metabolism 1, sharp paws
a: no special abilities


You were on level 5 of the Dungeon.
You were not hungry.

You visited 2 branches of the dungeon, and saw 8 of its levels.

You collected 417 gold pieces.

Inventory:

Missiles
 a - 65 arrows
 d - 167 stones
Jewellery
 h - a ring of magical power (right paw)
 i - an uncursed ring of wizardry
 m - the ring of Etrunez (left paw) {*Slow rN+ Str+7 Dex+2 Stlth+}
   (You found it on level 6 of the Dungeon)

   [ring of positive energy]

   It affects your strength (+7).
   It affects your dexterity (+2).
   It protects you from negative energy.
   It may slow you when you take damage.
   It makes you more stealthy.
 q - an uncursed amulet of faith {unknown}
Wands
 j - a wand of digging (3)
 o - a wand of random effects (17)
Scrolls
 b - 3 scrolls of blinking
 l - 3 scrolls of teleportation
 p - a scroll of immolation
 r - a scroll of fear {unknown}
 s - a scroll of remove curse
 t - a scroll of identify
Potions
 e - a potion of cancellation
 f - 2 potions of flight {unknown}
 g - a potion of brilliance
 k - 2 potions of might
 n - a potion of heal wounds {unknown}
Comestibles
 c - 17 rations


   Skills:
 + Level 4.8 Fighting
 + Level 5.2 Dodging
 + Level 8.6 Stealth
 - Level 5.0 Unarmed Combat
 - Level 3.0 Spellcasting
 + Level 4.3 Hexes
 - Level 6.0 Transmutations


You had one spell level left.
You knew the following spells:

 Your Spells              Type           Power        Failure   Level  Hunger
a - Confusing Touch       Hex            ###.....     10%         3    ###....
b - Sticks to Snakes      Tmut           ###.....     2%          2    ##.....
c - Blade Hands           Tmut           ###.......   43%         5    ######.
d - Beastly Appendage     Tmut           ###...       1%          1    #......

Your spell library contained the following spells:

 Spells                   Type           Power        Failure   Level  Hunger
 Freeze                   Ice            #...         21%         1    #......
 Spider Form              Tmut/Pois      ##........   17%         3    ###....
 Ice Form                 Ice/Tmut       ##......     50%         4    #####..
 Petrify                  Tmut/Erth      ##......     50%         4    #####..
 Frozen Ramparts          Ice            #.....       52%         3    ###....
 Gell's Gravitas          Tloc           #.........   52%         3    ###....
 Ozocubu's Armour         Chrm/Ice       #.......     52%         3    ###....
 Yara's Violent Unravell  Hex/Tmut       ###.......   54%         5    ######.
 Hailstorm                Conj/Ice       #.......     89%         4    #####..
 Summon Ice Beast         Ice/Summ       #.......     89%         4    #####..
 Metabolic Englaciation   Hex/Ice        #.........   92%         5    ######.


Dungeon Overview and Level Annotations

Branches:
Dungeon (7/15)             Temple (1/1) D:7

Altars:
Ashenzari
Cheibriados
Dithmenos
Fedhas
Gozag
Hepliaklqana
Kikubaaqudgha
Nemelex Xobeh
Okawaru
Qazlal
Ru
Sif Muna
Uskayaw
Vehumet
Wu Jian
Xom
Zin
The Shining One

Annotations:
D:5 Pikel


Innate Abilities, Weirdness & Mutations

You cannot wear armour.
You are incapable of wielding weapons or throwing items.
Your paws allow you to move quietly. (Stealth)
You have sharp claws.
You have razor-sharp teeth.
You have supernaturally acute eyesight. (SInv)
You are carnivorous and can eat meat at any time.
You cover ground quickly.
You are covered in thick fur. (AC +2)
You have a slow metabolism.
Your sharp claws are effective at attacking unaware monsters.
You have a pair of small horns on your head.
You are clumsy. (Dex -2)


Message History

Pikel freezes you.
There is a stone staircase leading up, spattered with blood here.
You scratch Pikel but do no damage.
Pikel appears confused.
You headbutt Pikel, but do no damage.
Pikel is lightly wounded.
Pikel hits you with a +1 whip of freezing!
Pikel freezes you.
* * * LOW HITPOINT WARNING * * *
You scratch Pikel but do no damage. You headbutt Pikel.
Pikel is moderately wounded.
You barely miss Pikel. You headbutt Pikel.
Pikel is moderately wounded.
Pikel hits you but does no damage.
You scratch Pikel. You claw Pikel, but do no damage.
You bite Pikel, but do no damage.
Pikel is heavily wounded.
Pikel hits you with a +1 whip of freezing.
* * * LOW HITPOINT WARNING * * *
Pikel freezes you.
You die...

♣♣♣##.......#...#
♣.♣.P.#.......#.#.#
♣............#.#.##
♣♣P.....####..p...#
♣♣..#..####......#
♣♣###...##......#
####.###.....###
#..............####
###############.@K.........).....
##......##...#....####......#####
##...##....#..###.#######...#
......#..####.###......####.##
####......###...######..###.[# .#
##.......###.).# ##..##..# .#
###.###...###.######.##### )#
#.###.#..........#..## .#
#..##.........##.##..#


You could see Pikel (confused).

Vanquished Creatures
  Sigmund (D:5)
  4 slaves
  An ice beast (D:7)
  A phantom (D:3)
  5 ogres
  A centaur (D:3)
  Blork the orc (D:5)
  A bullfrog (D:7)
  3 scorpions
  2 howler monkeys
  A crimson imp (D:7)
  2 orc priests
  A bullfrog skeleton (D:7)
  Ijyb (D:3)
  6 orc wizards
  5 worker ants
  A hound zombie (D:6)
  A hound skeleton (D:6)
  A gnoll (D:3)
  10 adders
  A shadow imp (D:6)
  3 oozes
  An adder zombie (D:5)
  3 worms
  A dart slug (D:2)
  6 leopard geckos
  17 orcs
  3 giant cockroaches
  5 goblins
  10 hobgoblins
  3 jackals (D:1)
  5 quokkas
  A ball python (D:3)
  9 bats
  5 frilled lizards
  A jackal skeleton (D:5)
  4 kobolds
  A quokka skeleton (D:4)
  5 rats
133 creatures vanquished.

Notes
Turn   | Place    | Note
-------+----------+-------------------------------------------
     0 | D:1      | Descartes the Felid Transmuter began the quest for the Orb.
     0 | D:1      | Reached XP level 1. HP: 9/9 MP: 4/4
   108 | D:1      | Reached skill level 1 in Stealth
   264 | D:1      | Reached skill level 2 in Stealth
   264 | D:1      | Reached XP level 2. HP: 4/12 MP: 6/6
   526 | D:1      | Reached skill level 3 in Stealth
   933 | D:1      | Reached skill level 4 in Stealth
  1118 | D:1      | Reached XP level 3. HP: 14/15 MP: 7/7
  1850 | D:2      | Reached skill level 5 in Stealth
  2074 | D:2      | Reached XP level 4. HP: 19/19 MP: 6/8
  2125 | D:2      | Found a blossoming altar of Fedhas.
  2369 | D:2      | Found a radiant altar of Vehumet.
  2632 | D:3      | Found a hazy altar of Hepliaklqana.
  2980 | D:3      | Found a stormy altar of Qazlal.
  3046 | D:3      | Noticed a phantom
  3091 | D:3      | Learned a level 2 spell: Sticks to Snakes
  3130 | D:3      | Killed a phantom
  3130 | D:3      | Reached skill level 5 in Dodging
  3130 | D:3      | Reached XP level 5. HP: 7/22 MP: 2/9
  3738 | D:3      | Noticed a centaur
  4426 | D:3      | Noticed Ijyb
  4444 | D:3      | Killed Ijyb
  4451 | D:3      | Gained mutation: You are covered in thick fur. (AC +2)
                  | [Felid growth]
  4451 | D:3      | Reached XP level 6. HP: 18/25 MP: 8/10
  4780 | D:3      | HP: 1/25 [adder (1)]
  4781 | D:3      | Slain by an adder
  4782 | D:3      | Reached XP level 5. HP: -1/22 MP: 9/9
  4855 | D:4      | Learned a level 5 spell: Blade Hands
  5221 | D:4      | Reached skill level 5 in Unarmed Combat
  5445 | D:4      | Noticed an ogre
  5475 | D:4      | Reached XP level 6. HP: 9/25 MP: 10/10
  6575 | D:3      | Reached skill level 5 in Transmutations
  6855 | D:4      | Reached XP level 7. HP: 25/30 MP: 11/11
  6879 | D:4      | Reached skill level 6 in Stealth
  6946 | D:4      | Found a glowing golden altar of the Shining One.
  6948 | D:4      | Found a snail-covered altar of Cheibriados.
  6948 | D:4      | Found a shimmering altar of Xom.
  6951 | D:4      | Found an ornate altar of the Wu Jian Council.
  7545 | D:5      | Entered Level 5 of the Dungeon
  7884 | D:5      | Noticed Sigmund
  8086 | D:5      | Noticed Pikel
  8096 | D:5      | Killed Sigmund
  8952 | D:5      | You fall into a shaft and drop 2 floors!
  8953 | D:7      | Reached skill level 7 in Stealth
  8979 | D:6      | Gained mutation: You are clumsy. (Dex -2) [potion of
                  | mutation]
  8979 | D:6      | Gained mutation: You have a pair of large horns on your
                  | head. [potion of mutation]
  9023 | D:6      | Learned a level 3 spell: Confusing Touch
  9040 | D:6      | Reached XP level 8. HP: 28/34 MP: 13/13
  9434 | D:6      | Reached skill level 1 in Hexes
  9511 | D:6      | Got a crude lapis lazuli ring
  9513 | D:6      | Identified the ring of Etrunez {*Slow rN+ Str+7 Dex+2
                  | Stlth+} (You found it on level 6 of the Dungeon)
  9928 | D:7      | Reached skill level 8 in Stealth
 10289 | D:7      | Found an opulent altar of Gozag.
 10368 | D:7      | Found a sacrificial altar of Ru.
 10425 | D:7      | Found a staircase to the Ecumenical Temple.
 10434 | Temple   | Entered the Ecumenical Temple
 10714 | D:5      | Noticed Blork the orc
 10715 | D:5      | Killed Blork the orc
 11227 | D:4      | Slain by a slave
 11228 | D:4      | Reached XP level 7. HP: -3/33 MP: 20/21
 11416 | D:5      | Slain by Pikel

Illustrated notes

Levels and vault maps discovered:
D:1:      dpeg_arrival_round_b, layout_loops_corners
D:2:      layout_loops_ring, marbit_many_paths, fedhas_altar_2
D:3:      layout_basic, lemuel_crystal_altar, st_stairs_4,
          nicolae_qazlal_eye_of_the_storm, uniq_ijyb
D:4:      layout_basic, grunt_temple_overflow_open, first_ration
D:5:      layout_rooms, sigmund_army, uniq_crazy_yiuf_cottage, uniq_sigmund,
          uniq_blork_the_orc, uniq_pikel
D:6:      layout_basic
D:7:      layout_rooms, elyvilon_altar_3, kennysheep_mini_moat,
          old_standard_altar, lemuel_doored_altar,
          minmay_temple_entry_antechambers
Temple:   nicolae_temple_figure_zero

Skill      XL: |  1  2  3  4  5  6  7  8 |
---------------+-------------------------+-----
Stealth        | 2 4 5 7 8 |  8.6
Dodging        | 3 5 |  5.2
Unarmed Combat | 5 |  5.0
Transmutations | 4 5 6 |  6.0
Fighting       | 2 3 4 |  4.8
Spellcasting   | 3 |  3.0
Hexes          | 4 |  4.3

Action                   |  1- 3 |  4- 6 |  7- 9 || total
-------------------------+-------+-------+-------++-------
Melee: Unarmed           |    89 |   211 |   245 ||   545
       Bite              |     5 |    14 |    26 ||    45
       Headbutt          |       |    26 |    41 ||    67
       Punch             |       |     4 |     6 ||    10
 Cast: Beastly Appendage |     1 |    37 |    19 ||    57
       Sticks to Snakes  |       |     6 |     7 ||    13
       Confusing Touch   |       |       |     3 ||     3
  Use: Potion            |       |     4 |     1 ||     5
       Scroll            |       |     7 |     4 ||    11
 Stab: Sleeping          |    10 |     9 |    12 ||    31
       Distracted        |       |       |     2 ||     2
       Confused          |       |       |     1 ||     1
  Eat: Chunk             |     9 |    16 |     9 ||    34
Armor: Skin              |     3 |     4 |    10 ||    17
Dodge: Dodged            |    65 |   135 |   177 ||   377
